[Event "Titled Tuesday Blitz February 07 Early 2023"]
[White "Belov, Alexei"]
[Black "Andreev, Konstantin"]
[WhiteFideId "4128206"]
[BlackFideId "24239305"]
[WhiteElo "2421"]
[BlackElo "2195"]
[Result "1-0"]
[Round "10"]
[TimeControl "180+2"]
[Date "2023.02.07"]
[WhiteClock "0:00:24"]
[BlackClock "0:00:02"]

1. e4 c5 2. Nf3 e6 3. d4 cxd4 4. Nxd4 Nc6 5. Nc3 Qc7 6. Be2 Nf6 7. O-O a6 8. a4 Be7 9. Be3 O-O 10. f4 d6 11. Kh1 Bd7 12. Nb3 Nb4 13. a5 Rac8 14. Bb6 Qb8 15. Bf3 Bc6 16. Nd4 Bd7 17. Qe2 e5 18. Nf5 Bxf5 19. exf5 Rfe8 20. fxe5 dxe5 21. Ra4 e4 22. Nxe4 Rxc2 23. Nxf6+ Bxf6 24. Qd1 Rxb2 25. Bd4 Bxd4 26. Qxd4 Qe5 27. Rxb4 Rxb4 28. Qxb4 Qxf5 29. h3 h5 30. Qxb7 Qd3 31. Qb1 Qd6 32. Bxh5 g6 33. Bf3 Re5 34. Rd1 Qc5 35. Qb6 Qxa5 36. Qxa5 Rxa5 37. Rd7 Kf8 38. Ra7 Kg7 39. Kh2 g5 40. Bb7 Rb5 41. Bxa6 Ra5 42. Ra8 f5 43. Bb7 Rb5 44. Bf3 Rb4 45. Ra7+ Kf6 46. Ra6+ Kg7 47. Ra5 Kf6 48. Kg3 Rb2 49. Ra6+ Kg7 50. h4 gxh4+ 51. Kxh4 Kf7 52. Kg5 Rb5 53. Rf6+ Kg7 54. Rxf5 Rb1 55. Ra5 Rb7 56. Bxb7 1-0


[Site "https://www.chess.com"]

[Event "Titled Tuesday Blitz February 07 Early 2023"]
[White "Przybylski, Wojciech"]
[Black "Skliarov, Viktor"]
[WhiteFideId "1117599"]
[BlackFideId "14106736"]
[WhiteElo "2321"]
[BlackElo "2383"]
[Result "0-1"]
[Round "10"]
[TimeControl "180+2"]
[Date "2023.02.07"]
[WhiteClock "0:00:06"]
[BlackClock "0:00:38"]

1. e4 c5 2. Nf3 Nc6 3. d4 cxd4 4. Nxd4 Nf6 5. Nc3 e5 6. Ndb5 d6 7. Bg5 a6 8. Na3 b5 9. Nd5 Be7 10. Bxf6 Bxf6 11. c3 Ne7 12. Nxf6+ gxf6 13. Nc2 Bb7 14. Bd3 d5 15. exd5 Qxd5 16. Ne3 Qe6 17. a4 bxa4 18. Qxa4+ Kf8 19. Qb4 Bc8 20. Be4 Ra7 21. Rd1 Rd7 22. Rxd7 Qxd7 23. O-O Kg7 24. Rd1 Qc7 25. Qd6 Qxd6 26. Rxd6 f5 27. Bd3 f4 28. Nc4 f6 29. Nb6 a5 30. g3 fxg3 31. hxg3 Bf5 32. Bxf5 Nxf5 33. Rd7+ Kg6 34. Nd5 Rb8 35. b4 axb4 36. cxb4 Nd4 37. Rd6 Nc2 38. Rxf6+ Kg7 39. Re6 Nxb4 40. Nxb4 Rxb4 41. Rxe5 Rb2 42. Kg2 Kg6 43. Re4 Ra2 44. Rf4 Rb2 45. Rf3 Ra2 46. Rf8 Rb2 47. Rf4 Ra2 48. Kh3 Rb2 49. f3 Ra2 50. Kg4 h5+ 51. Kh4 Rh2# 0-1


[Site "https://www.chess.com"]

[Event "Titled Tuesday Blitz February 07 Early 2023"]
[White "Jain Kashish Manoj"]
[Black "Manukian, Artak"]
[WhiteFideId "35081098"]
[BlackFideId "13301373"]
[WhiteElo "2375"]
[BlackElo "2196"]
[Result "0-1"]
[Round "10"]
[TimeControl "180+2"]
[Date "2023.02.07"]
[WhiteClock "0:00:01"]
[BlackClock "0:00:51"]

1. Nf3 g6 2. e3 Bg7 3. c4 c5 4. Nc3 Nc6 5. b3 Nh6 6. Bb2 Nf5 7. Be2 O-O 8. O-O e6 9. Na4 Bxb2 10. Nxb2 b6 11. d4 Qf6 12. g4 Nfe7 13. g5 Qg7 14. Qd2 cxd4 15. Nxd4 Nxd4 16. Qxd4 Qxd4 17. exd4 Bb7 18. f4 Nf5 19. Rfd1 Rac8 20. Rd3 Be4 21. Rd2 d5 22. Bd3 Rfd8 23. Bxe4 dxe4 24. Rad1 Rd6 25. d5 Rcd8 26. Re2 e3 27. Kg2 exd5 28. cxd5 b5 29. Rd3 Rxd5 30. Rxd5 Rxd5 31. a4 Rd2 32. Kf1 Rd4 33. axb5 Rxf4+ 34. Kg2 Rb4 35. Nc4 Rxb3 36. Ra2 Rxb5 37. Rxa7 e2 38. Kf2 Nd4 39. Rd7 Rf5+ 0-1


[Site "https://www.chess.com"]

[Event "Titled Tuesday Blitz February 07 Early 2023"]
[White "Ladan, Nicholas"]
[Black "sabkeIXO"]
[WhiteFideId "30918855"]
[WhiteElo "2228"]
[BlackElo "2467"]
[Result "1/2-1/2"]
[Round "10"]
[TimeControl "180+2"]
[Date "2023.02.07"]
[WhiteClock "0:00:23"]
[BlackClock "0:00:13"]

1. d4 Nf6 2. Bf4 g6 3. Nc3 d5 4. e3 Bg7 5. h4 h5 6. Nf3 O-O 7. Ne5 Nbd7 8. Be2 Nxe5 9. Bxe5 c6 10. Bxf6 exf6 11. g4 hxg4 12. Bxg4 f5 13. Bf3 f4 14. h5 fxe3 15. fxe3 Qg5 16. Qe2 Re8 17. Nd1 Bf5 18. c3 Re7 19. hxg6 Bxg6 20. Kd2 Rae8 21. Bh5 Bh6 22. Bxg6 fxg6 23. Rh3 Kg7 24. a4 b6 25. a5 c5 26. axb6 axb6 27. Ra6 cxd4 28. cxd4 Qf6 29. Qg4 Re4 30. Ra7+ R8e7 31. Rxe7+ Qxe7 32. Qg3 Rxd4+ 33. Kc2 Re4 34. Qh2 Rc4+ 35. Nc3 Qg5 36. Kb3 Rc6 37. Qh1 Rd6 38. Qh2 Rd7 39. Rg3 Qf5 40. Rh3 Qg5 41. Rg3 Qf6 42. Rh3 Qg5 1/2-1/2


[Site "https://www.chess.com"]

[Event "Titled Tuesday Blitz February 07 Early 2023"]
[White "Sukandar, Irine Kharisma"]
[Black "Mirzanurov, Bulat"]
[WhiteFideId "7101937"]
[BlackFideId "4184521"]
[WhiteElo "2390"]
[BlackElo "2232"]
[Result "1-0"]
[Round "10"]
[TimeControl "180+2"]
[Date "2023.02.07"]
[WhiteClock "0:00:46"]
[BlackClock "0:00:28"]

1. d4 d5 2. Bf4 Nf6 3. e3 c5 4. Nd2 Nc6 5. Ngf3 Qb6 6. dxc5 Qxb2 7. Rb1 Qc3 8. Bb5 Qxc5 9. c4 e6 10. O-O Bd6 11. Nb3 Qa3 12. Nbd4 Bd7 13. Ne5 Nxe5 14. Bxd7+ Nexd7 15. Nb5 Bxf4 16. Nxa3 Be5 17. Rxb7 Nc5 18. Rb5 Nce4 19. cxd5 Nc3 20. Qb3 Nfxd5 21. e4 Ne2+ 22. Kh1 Nd4 23. Qa4 Nc3 24. Rb8+ Ke7 25. Qb4+ Bd6 26. Qb7+ Kf6 27. Rxa8 Rxa8 28. Qxa8 Bxa3 29. Qd8+ Ke5 30. Qa5+ Kf4 31. Qxc3 Ne2 32. Qf3+ Ke5 33. Qxe2 1-0


[Site "https://www.chess.com"]

[Event "Titled Tuesday Blitz February 07 Early 2023"]
[White "Royal, Shreyas"]
[Black "The_Sherman_Variation"]
[WhiteFideId "448869"]
[WhiteElo "2438"]
[BlackElo "2461"]
[Result "1-0"]
[Round "10"]
[TimeControl "180+2"]
[Date "2023.02.07"]
[WhiteClock "0:02:46"]
[BlackClock "0:02:16"]

1. e4 c6 2. Nf3 d5 3. d3 dxe4 4. Ng5 exd3 5. Bxd3 Nf6 6. Nxf7 Qd5 7. Nxh8 Qxg2 8. Rf1 e5 9. Bc4 Bc5 10. Be3 Bg4 11. Bf7+ 1-0


[Site "https://www.chess.com"]

[Event "Titled Tuesday Blitz February 07 Early 2023"]
[White "Hirneise, Jens"]
[Black "Sai Han Thiha"]
[WhiteFideId "24614734"]
[BlackFideId "13012290"]
[WhiteElo "2277"]
[BlackElo "2070"]
[Result "1-0"]
[Round "10"]
[TimeControl "180+2"]
[Date "2023.02.07"]
[WhiteClock "0:00:08"]
[BlackClock "0:00:03"]

1. e4 c6 2. Nf3 d5 3. exd5 cxd5 4. Ne5 Nc6 5. Bb5 Bd7 6. Bxc6 bxc6 7. O-O e6 8. d4 Bd6 9. f4 Nh6 10. Nd2 O-O 11. Nb3 Be8 12. Re1 f6 13. Nd3 Bf7 14. Be3 Nf5 15. Bf2 h5 16. Nbc5 Re8 17. b4 Qc7 18. g3 a5 19. a3 Bf8 20. Qd2 Nd6 21. Qc3 Nc4 22. Nb2 axb4 23. axb4 Rxa1 24. Rxa1 Nxb2 25. Qxb2 e5 26. fxe5 fxe5 27. dxe5 Rxe5 28. Bd4 Re2 29. Qc3 Qc8 30. Qf3 Rxc2 31. Rf1 Qe8 32. Nd3 Bd6 33. Bxg7 Kxg7 34. Qf6+ Kg8 35. Qxd6 Qe3+ 36. Nf2 d4 37. Qf6 Re2 38. Rd1 Re1+ 39. Rxe1 Qxe1+ 40. Kg2 Bd5+ 41. Kh3 Qe6+ 42. Qxe6+ Bxe6+ 43. Kh4 Bf7 44. Kg5 Kg7 45. Kf4 Bg6 46. Ke5 d3 47. Kd4 d2 48. Kc3 d1=Q 49. Nxd1 Kf6 50. Ne3 Ke5 51. Nc4+ Ke4 52. Na5 Be8 53. Kc4 Kf3 54. Kc5 Kg2 55. Nxc6 Kxh2 56. b5 Bd7 57. b6 Bc8 58. Ne7 Bb7 59. Nf5 Kh3 60. Kd6 Kg4 61. Ke5 Bc8 62. Ng7 Kxg3 63. Nxh5+ Kf3 64. Nf6 Bb7 65. Kd6 Ke3 66. Kc7 Bf3 67. Nd7 Kd4 68. Nb8 Kc5 69. Na6+ Kb5 70. Nb8 Kc5 71. Nd7+ Kb5 72. Ne5 Be4 73. Nf7 Kc5 74. Nd6 Bf3 75. Nc8 Kb5 76. Ne7 Kc5 77. Nf5 Bh1 78. Ne3 Kb5 79. Ng4 Bg2 80. Nf6 Bh1 81. Ne8 Ka6 82. Nd6 Bg2 83. Nc4 Bh1 84. Ne5 Bg2 85. Nc6 Kb5 86. b7 Kc5 87. b8=Q Bxc6 88. Qb6+ Kd5 89. Qa5+ Kd4 90. Kxc6 1-0


[Site "https://www.chess.com"]

[Event "Titled Tuesday Blitz February 07 Early 2023"]
[White "Ortega Amarelle, Mariano"]
[Black "Abdilkhair, Abilmansur"]
[WhiteFideId "3504301"]
[BlackFideId "13716417"]
[WhiteElo "2472"]
[BlackElo "2268"]
[Result "1-0"]
[Round "10"]
[TimeControl "180+2"]
[Date "2023.02.07"]
[WhiteClock "0:00:03"]
[BlackClock "0:00:50"]

1. e4 e5 2. Nf3 Nc6 3. Bb5 a6 4. Ba4 Nf6 5. O-O b5 6. Bb3 Be7 7. d4 d6 8. dxe5 dxe5 9. Qxd8+ Bxd8 10. a4 Bb7 11. axb5 axb5 12. Rxa8 Bxa8 13. Nc3 O-O 14. Nxb5 Nxe4 15. Re1 Nc5 16. Bd5 Re8 17. Be3 Ne6 18. Nxe5 Nxe5 19. Bxa8 c6 20. Nd6 Rf8 21. Bb7 Bc7 22. Nf5 Rb8 23. Ba6 Rxb2 24. c3 g6 25. Nd4 Nc5 26. Bf1 Ng4 27. h3 Bh2+ 28. Kh1 Nxe3 29. Rxe3 Bf4 30. Re8+ Kg7 31. g3 Rxf2 32. Bg2 Bxg3 33. Nxc6 Rc2 34. Bd5 Rxc3 35. Re7 Ne6 36. Bxe6 Rxc6 37. Rxf7+ Kh6 38. Bd5 Rc2 39. Rd7 Rd2 40. Bc6 Rh2+ 41. Kg1 Rxh3 42. Kg2 Rh2+ 43. Kxg3 Rc2 44. Bf3 Rc3 45. Kg4 Rc4+ 46. Kg3 Rc3 47. Kf4 Ra3 48. Be4 Ra4 49. Ke5 Ra5+ 50. Bd5 Ra1 51. Be4 Re1 52. Ra7 Re2 53. Ra1 Kg7 54. Rh1 h6 55. Rg1 g5 56. Ra1 h5 57. Ra7+ Kg8 58. Kf5 g4 59. Bd5+ Kh8 60. Kg6 Re8 61. Rh7# 1-0


[Site "https://www.chess.com"]

[Event "Titled Tuesday Blitz February 07 Early 2023"]
[White "Bilan, Danila"]
[Black "Toncheva, Nadya"]
[WhiteFideId "24161918"]
[BlackFideId "2924056"]
[WhiteElo "2303"]
[BlackElo "2295"]
[Result "0-1"]
[Round "10"]
[TimeControl "180+2"]
[Date "2023.02.07"]
[WhiteClock "0:00:07"]
[BlackClock "0:01:17"]

1. d4 d5 2. Nf3 Nf6 3. c4 dxc4 4. e3 Bg4 5. Bxc4 e6 6. Qb3 Bxf3 7. gxf3 Qc8 8. f4 Be7 9. Nc3 a6 10. Be2 c5 11. dxc5 Bxc5 12. Bf3 Nc6 13. Bd2 O-O 14. Na4 Ba7 15. Nb6 Bxb6 16. Qxb6 Rd8 17. Bc3 Nd5 18. Qb3 Nxc3 19. Qxc3 Qc7 20. O-O Rac8 21. Rac1 Qe7 22. Rfd1 h6 23. a3 Nd4 24. Rxd4 Rxc3 25. Rxd8+ Qxd8 26. Rxc3 b5 27. Bb7 Qd1+ 28. Kg2 Qg4+ 29. Kf1 a5 30. Be4 g6 31. b4 axb4 32. axb4 Qd1+ 33. Kg2 Qd2 34. Rc8+ Kg7 35. Rb8 Qxb4 36. Bd3 Qd6 0-1


[Site "https://www.chess.com"]

[Event "Titled Tuesday Blitz February 07 Early 2023"]
[White "Mazurkiewicz, Michal"]
[Black "Sharafiev, Azat"]
[WhiteFideId "1124943"]
[BlackFideId "4186214"]
[WhiteElo "2145"]
[BlackElo "2427"]
[Result "1-0"]
[Round "10"]
[TimeControl "180+2"]
[Date "2023.02.07"]
[WhiteClock "0:00:09"]
[BlackClock "0:01:27"]

1. e4 c5 2. Nf3 d6 3. g3 Nc6 4. Bg2 e5 5. O-O Bg4 6. d3 Be7 7. h3 Bh5 8. Nc3 Nf6 9. g4 Bg6 10. Nd5 Nxd5 11. exd5 Nd4 12. Nxd4 cxd4 13. f4 exf4 14. Bxf4 O-O 15. Qf3 f5 16. Qg3 fxg4 17. hxg4 Bh4 18. Qh2 Bg5 19. Bxd6 Be3+ 20. Kh1 Rxf1+ 21. Rxf1 Qg5 22. Bf3 h6 23. Bg3 Rf8 24. Bh4 Qf4 25. Qxf4 Rxf4 26. Bg3 Rf7 27. d6 Kh7 28. Kg2 b6 29. Bd5 Rd7 30. Be6 Rd8 31. d7 Bg5 32. Bc7 Rh8 33. Re1 Ra8 34. Bf5 Bxf5 35. gxf5 a5 36. Re8 Ra7 37. d8=Q Bxd8 38. Bxd8 Rf7 39. f6 gxf6 40. Re7 Rxe7 41. Bxe7 Kg6 42. Bd8 a4 43. Bxb6 f5 44. Bxd4 h5 45. c4 Kg5 46. Be5 Kg4 47. c5 f4 48. c6 f3+ 49. Kf2 h4 50. c7 1-0


[Site "https://www.chess.com"]

[Event "Titled Tuesday Blitz February 07 Early 2023"]
[White "Malka, Samuel"]
[Black "Gutkin, Ilya"]
[WhiteFideId "20643675"]
[BlackFideId "16203470"]
[WhiteElo "2165"]
[BlackElo "2273"]
[Result "1-0"]
[Round "10"]
[TimeControl "180+2"]
[Date "2023.02.07"]
[WhiteClock "0:01:58"]
[BlackClock "0:01:48"]

1. d4 e6 2. c4 Bb4+ 3. Nd2 Nf6 4. Nf3 O-O 5. a3 Be7 6. e4 d6 7. Be2 Nfd7 8. b4 a5 9. Bb2 e5 10. d5 f5 11. exf5 Nf6 12. Bd3 Nh5 13. g3 Na6 14. Bc3 Bf6 15. Qb1 e4 16. Bxf6 exd3 17. Bxd8 1-0


[Site "https://www.chess.com"]

[Event "Titled Tuesday Blitz February 07 Early 2023"]
[White "Mesa Cruz, Juan Carlos"]
[Black "Gurevich, Dmitry"]
[WhiteFideId "6423400"]
[BlackFideId "2000407"]
[WhiteElo "2122"]
[BlackElo "2393"]
[Result "0-1"]
[Round "10"]
[TimeControl "180+2"]
[Date "2023.02.07"]
[WhiteClock "0:00:45"]
[BlackClock "0:01:07"]

1. e4 c5 2. Nf3 d6 3. d4 cxd4 4. Nxd4 Nf6 5. Nc3 Nc6 6. Be2 g6 7. Be3 Bg7 8. h4 h5 9. Nb3 a6 10. f3 b5 11. Qd2 Bb7 12. O-O-O Rc8 13. g4 hxg4 14. fxg4 Ne5 15. g5 Nxe4 16. Nxe4 Bxe4 17. Nd4 Nc4 18. Bxc4 Rxc4 19. b3 Rc8 20. Rh2 e5 21. Qe1 exd4 22. Bxd4 Bxd4 23. Rxd4 d5 24. Rhd2 Qe7 25. Qe3 Rxh4 26. Kb2 Rh5 27. a4 Kf8 28. axb5 axb5 29. Qe2 Rxg5 30. Qxb5 Kg7 31. c4 dxc4 32. Qa6 c3+ 33. Ka2 cxd2 34. Qxc8 Ra5+ 35. Kb2 Qa3+ 36. Kc3 Qc1+ 0-1


[Site "https://www.chess.com"]

[Event "Titled Tuesday Blitz February 07 Early 2023"]
[White "Aarav Dengla"]
[Black "Horak, Martin"]
[WhiteFideId "45059756"]
[BlackFideId "367095"]
[WhiteElo "2343"]
[BlackElo "2266"]
[Result "0-1"]
[Round "10"]
[TimeControl "180+2"]
[Date "2023.02.07"]
[WhiteClock "0:01:58"]
[BlackClock "0:01:16"]

1. e4 e5 2. Nf3 Nc6 3. Bc4 Nf6 4. d3 Be7 5. O-O O-O 6. Re1 d6 7. a4 Na5 8. Ba2 c5 9. h3 Nc6 10. c3 a6 11. d4 cxd4 12. cxd4 Nxd4 13. Nxd4 exd4 14. Qxd4 Be6 15. Nc3 Bxa2 16. Rxa2 Qc7 17. Bg5 Qc5 18. Qd2 Rfe8 19. a5 Rac8 20. Rd1 Qe5 21. Qe3 h6 22. Bf4 Qc5 23. Qd2 Red8 24. Be3 Qc4 25. Ra4 Qc6 26. Bb6 Re8 27. Nd5 Nxd5 28. exd5 Qxa4 0-1


[Site "https://www.chess.com"]

[Event "Titled Tuesday Blitz February 07 Early 2023"]
[White "Dinu, Dumitru-Daniel"]
[Black "Tymrakiewicz, Rafal"]
[WhiteFideId "1208403"]
[BlackFideId "1108832"]
[WhiteElo "2203"]
[BlackElo "2144"]
[Result "0-1"]
[Round "10"]
[TimeControl "180+2"]
[Date "2023.02.07"]
[WhiteClock "0:01:57"]
[BlackClock "0:02:28"]

1. e4 Nf6 2. e5 Nd5 3. d4 d6 4. Nf3 g6 5. c4 Nb6 6. h3 Bg7 7. exd6 cxd6 8. Nc3 O-O 9. Be3 Nc6 10. Be2 d5 11. c5 Nc4 12. Bxc4 dxc4 13. O-O Bf5 14. d5 Nb4 15. Nd4 Bd3 16. Re1 Nxd5 17. Nxd5 Qxd5 18. Nf3 Bxb2 19. Rb1 c3 20. Bh6 Rfd8 21. Re5 c2 22. Rxd5 cxd1=Q+ 23. Rxd1 Rxd5 0-1


[Site "https://www.chess.com"]

[Event "Titled Tuesday Blitz February 07 Early 2023"]
[White "Topalov, Aleksandar"]
[Black "Balabayeva, Xeniya"]
[WhiteFideId "925659"]
[BlackFideId "13719688"]
[WhiteElo "2233"]
[BlackElo "2191"]
[Result "1/2-1/2"]
[Round "10"]
[TimeControl "180+2"]
[Date "2023.02.07"]
[WhiteClock "0:00:03"]
[BlackClock "0:00:01"]

1. b3 Nf6 2. Bb2 g6 3. Bxf6 exf6 4. c4 Bg7 5. Nc3 f5 6. e3 O-O 7. Nge2 c5 8. g3 Nc6 9. Bg2 d6 10. O-O Be6 11. Rb1 Qd7 12. a3 Ne7 13. Nf4 g5 14. Nfd5 Bxd5 15. Nxd5 Nxd5 16. Bxd5 Rae8 17. b4 b6 18. bxc5 dxc5 19. a4 f4 20. a5 Qd6 21. axb6 axb6 22. Qg4 h6 23. Rb5 Kh8 24. Rfb1 f5 25. Qh5 Rb8 26. gxf4 gxf4 27. Kh1 fxe3 28. fxe3 f4 29. Rg1 fxe3 30. dxe3 Rf2 31. Rbb1 Rbf8 32. Rg6 Rf1+ 33. Rxf1 Rxf1+ 34. Kg2 Qf8 35. Qe2 Rb1 36. Qf3 Rb2+ 37. Kh3 Qxf3+ 38. Bxf3 Be5 39. Rxh6+ Kg7 40. Rh4 Bxh2 41. Kg4 Be5 42. Kf5 Bc3 43. Rg4+ Kf7 44. Bd5+ Ke7 45. Rg6 Rf2+ 46. Ke4 Rb2 47. Re6+ Kd7 48. Rh6 Ba5 49. Ke5 Bc3+ 50. Ke4 Ba5 51. Rh7+ Kd6 52. Rh6+ Kd7 1/2-1/2


[Site "https://www.chess.com"]

[Event "Titled Tuesday Blitz February 07 Early 2023"]
[White "Khokhlova, Daria"]
[Black "Cepo, Toni"]
[WhiteFideId "24182729"]
[BlackFideId "4675916"]
[WhiteElo "2111"]
[BlackElo "2145"]
[Result "0-1"]
[Round "10"]
[TimeControl "180+2"]
[Date "2023.02.07"]
[WhiteClock "0:00:46"]
[BlackClock "0:02:05"]

1. d4 Nf6 2. c4 e6 3. g3 d5 4. Nf3 Bb4+ 5. Bd2 Be7 6. Bg2 O-O 7. O-O c6 8. Qc2 Nbd7 9. Rd1 b6 10. b3 Ba6 11. Bf4 Rc8 12. Nbd2 c5 13. Qb2 cxd4 14. Qxd4 Bc5 15. Qb2 Qe7 16. cxd5 Nxd5 17. Ne4 Nxf4 18. Nxc5 Nxe2+ 19. Kh1 Nxc5 20. Bf1 Qf6 0-1


[Site "https://www.chess.com"]

[Event "Titled Tuesday Blitz February 07 Early 2023"]
[White "Garayev, Kanan"]
[Black "Rudzinska, Michalina"]
[WhiteFideId "13406671"]
[BlackFideId "1172883"]
[WhiteElo "2346"]
[BlackElo "2244"]
[Result "1-0"]
[Round "10"]
[TimeControl "180+2"]
[Date "2023.02.07"]
[WhiteClock "0:00:13"]
[BlackClock "0:00:19"]

1. e4 c6 2. Nc3 d5 3. Nf3 Bg4 4. h3 Bxf3 5. Qxf3 e6 6. d4 dxe4 7. Nxe4 Qxd4 8. Bd3 Nd7 9. Be3 Qxb2 10. O-O Ngf6 11. Rab1 Qxa2 12. Rxb7 Qd5 13. Rfb1 Be7 14. Nxf6+ Nxf6 15. Rxe7+ Kxe7 16. Rb7+ Kf8 17. Qg3 Rd8 18. Qc7 Qd7 19. Qa5 Qe8 20. Bc5+ Kg8 21. Re7 Qxe7 22. Bxe7 Re8 23. Bxf6 gxf6 24. Qxa7 Kg7 25. Qd4 Rhf8 26. Qg4+ Kh8 27. Qh4 f5 28. Qf6+ Kg8 29. Kh2 Rc8 30. Kg3 c5 31. Kf4 c4 32. Qg5+ Kh8 33. Qf6+ Kg8 34. Kg5 Rfd8 35. Kh6 Kf8 36. Bxc4 Ke8 37. Bb5+ Kf8 38. Bd7 Rxd7 39. Qh8+ Ke7 40. Qxc8 e5 41. Qc5+ Ke6 42. Kxh7 Rd6 43. Kg7 f4 44. f3 f6 45. Qxd6+ Kxd6 46. Kxf6 1-0


[Site "https://www.chess.com"]

[Event "Titled Tuesday Blitz February 07 Early 2023"]
[White "Ronka, Erik"]
[Black "Shapiro, Viktor"]
[WhiteFideId "505080"]
[BlackFideId "4175700"]
[WhiteElo "2276"]
[BlackElo "2192"]
[Result "0-1"]
[Round "10"]
[TimeControl "180+2"]
[Date "2023.02.07"]
[WhiteClock "0:00:03"]
[BlackClock "0:00:17"]

1. d4 Nf6 2. c4 e6 3. Nc3 c5 4. d5 exd5 5. cxd5 d6 6. e4 g6 7. Nge2 Bg7 8. Ng3 O-O 9. Be2 a6 10. a4 Re8 11. O-O Nbd7 12. f3 Rb8 13. Bg5 h6 14. Be3 h5 15. Nh1 Ne5 16. Nf2 Bd7 17. a5 b5 18. axb6 Rxb6 19. Qd2 Qb8 20. Rab1 Bb5 21. Nxb5 axb5 22. b3 Ra6 23. h3 h4 24. f4 Ned7 25. Bf3 Qa7 26. Kh2 Ra2 27. Qd3 Qa5 28. Rfd1 Qb4 29. Bd2 Qa3 30. Be1 Bh6 31. Bd2 c4 32. Qd4 Qc5 33. Be3 c3 34. Qd3 c2 35. Bxc5 Bxf4+ 36. Kh1 Nxc5 37. Qf1 cxb1=Q 38. Rxb1 Bg3 39. Nd3 Ncxe4 40. Ra1 Rd2 41. Rd1 Rxd3 42. Rxd3 Nf2+ 43. Kg1 Nxd3 44. Be2 Nf4 45. Qd1 Rxe2 46. Kf1 Rf2+ 47. Kg1 Rxg2+ 48. Kf1 Rf2+ 49. Kg1 Nxh3+ 50. Kh1 Rh2# 0-1


[Site "https://www.chess.com"]

[Event "Titled Tuesday Blitz February 07 Early 2023"]
[White "Zacurdajev, Dmitry"]
[Black "Karttunen, Mika"]
[WhiteFideId "4196309"]
[BlackFideId "502081"]
[WhiteElo "2273"]
[BlackElo "2490"]
[Result "1-0"]
[Round "10"]
[TimeControl "180+2"]
[Date "2023.02.07"]
[WhiteClock "0:00:09"]
[BlackClock "0:00:29"]

1. d4 Nf6 2. c4 g6 3. Nc3 Bg7 4. e4 d6 5. Nf3 O-O 6. Be2 e5 7. O-O Nc6 8. d5 Ne7 9. Ne1 Nd7 10. Be3 f5 11. f3 f4 12. Bf2 g5 13. b4 h5 14. c5 Ng6 15. c6 Nf6 16. cxb7 Bxb7 17. Rc1 a6 18. b5 a5 19. Na4 Nd7 20. b6 cxb6 21. Qb3 Ba6 22. Bxa6 Rxa6 23. Qb5 Nb8 24. Bxb6 Qd7 25. Qxd7 Nxd7 26. Rc6 Nxb6 27. Nxb6 Rb8 28. Nc4 Rxc6 29. dxc6 Rc8 30. Nxa5 Ne7 31. Nd3 Nxc6 32. Rc1 Ne7 33. Rxc8+ Nxc8 34. Nc4 Kf7 35. a4 Ke6 36. Nb4 Na7 37. Kf2 Bf6 38. Ke2 Bd8 39. Kd3 g4 40. a5 g3 41. h3 Kd7 42. a6 Kc7 43. Kc3 Nb5+ 44. Kd3 Nd4 45. Nd5+ Kb8 46. Nxd6 Nxf3 47. Nf7 Ba5 48. Ke2 Nd4+ 49. Kf1 Nc6 50. Nf6 Ka7 51. Nxh5 Kxa6 52. Nf6 Bb4 53. Nd7 Bd6 54. Nxd6 1-0


[Site "https://www.chess.com"]

[Event "Titled Tuesday Blitz February 07 Early 2023"]
[White "Ordekalog"]
[Black "Bowden, Karl"]
[BlackFideId "400548"]
[WhiteElo "2555"]
[BlackElo "2348"]
[Result "0-1"]
[Round "10"]
[TimeControl "180+2"]
[Date "2023.02.07"]
[WhiteClock "0:00:21"]
[BlackClock "0:00:20"]

1. e4 e5 2. Nf3 d5 3. exd5 e4 4. Ne5 Qxd5 5. d4 exd3 6. Nxd3 Bd6 7. Nc3 Qf5 8. Be2 Nf6 9. O-O O-O 10. h3 Nc6 11. Be3 Bd7 12. g4 Qe6 13. Qd2 Rad8 14. Rae1 Nd5 15. Nc5 Qe5 16. Kg2 Qh2+ 17. Kf3 Ne5+ 18. Ke4 Nf6+ 19. Kd4 Bc6 20. f4 Bxc5+ 21. Kxc5 Rxd2 22. Bxd2 Ned7+ 23. Kc4 Qxh3 24. Bd1 Nb6+ 25. Kb3 Bd5+ 26. Kb4 c5+ 27. Kb5 Bc6+ 28. Kxc5 Nxg4 29. Re7 Nf6 30. Rfe1 Qf5+ 31. R1e5 Nfd7+ 32. Kd6 Nxe5 33. Rxe5 Rd8+ 34. Kc5 Nd7+ 0-1


[Site "https://www.chess.com"]

[Event "Titled Tuesday Blitz February 07 Early 2023"]
[White "Ozates, Tuna"]
[Black "Sanchez, Robert"]
[WhiteFideId "6354521"]
[BlackFideId "2034360"]
[WhiteElo "2251"]
[BlackElo "1966"]
[Result "1/2-1/2"]
[Round "10"]
[TimeControl "180+2"]
[Date "2023.02.07"]
[WhiteClock "0:02:01"]
[BlackClock "0:00:38"]

1. d4 d5 2. Bf4 e6 3. e3 Nf6 4. Nf3 a6 5. Bd3 c5 6. c3 Nc6 7. O-O Bd6 8. Bg3 Bxg3 9. hxg3 cxd4 10. exd4 Qb6 11. b4 Bd7 12. a4 Rc8 13. a5 Qc7 14. Nbd2 O-O 15. Nb3 e5 16. dxe5 Nxe5 17. Nc5 Nxd3 18. Qxd3 Bb5 19. Qd4 Bxf1 20. Rxf1 Ne4 21. Nxe4 dxe4 22. Qxe4 Qxc3 23. Qxb7 Rb8 24. Qxa6 Qxb4 25. Ra1 Ra8 26. Qe2 Rxa5 27. Rxa5 Qxa5 28. g4 h6 29. g3 Qc3 30. Kg2 Rc8 31. g5 hxg5 32. Nxg5 Qc6+ 33. Qe4 Qxe4+ 34. Nxe4 Re8 35. Nd6 Re6 36. Nf5 f6 37. Ne3 Ra6 38. Kf3 Kf7 39. Kg2 g6 40. Kf3 Ra4 41. Ng2 g5 42. Ne3 Kg6 43. g4 Rf4+ 44. Kg3 Kf7 45. f3 Ke6 46. Ng2 Ra4 47. Ne3 Ke5 48. Nf5 Ra3 49. Nh6 Kd4 50. Ng8 Ra6 51. Ne7 Ke3 52. Nd5+ Ke2 53. f4 Ra3+ 54. Kg2 gxf4 55. Nxf4+ Ke1 56. Nh5 Ra6 57. Kf3 Kf1 58. Kf4 Ra4+ 59. Kf5 Rxg4 60. Kxg4 f5+ 61. Kxf5 1/2-1/2


[Site "https://www.chess.com"]

[Event "Titled Tuesday Blitz February 07 Early 2023"]
[White "Forgacs, Attila Jr."]
[Black "Reprintsev, Alexander"]
[WhiteFideId "773654"]
[BlackFideId "14100541"]
[WhiteElo "2264"]
[BlackElo "2253"]
[Result "0-1"]
[Round "10"]
[TimeControl "180+2"]
[Date "2023.02.07"]
[WhiteClock "0:00:46"]
[BlackClock "0:01:27"]

1. e4 d5 2. exd5 Qxd5 3. Nc3 Qa5 4. d4 Nf6 5. Nf3 Nc6 6. Bd2 a6 7. Bc4 Qh5 8. O-O Bg4 9. Bf4 Bxf3 10. Qxf3 Qxf3 11. gxf3 Nxd4 12. Bxc7 Rc8 13. Bb6 Rxc4 14. Rad1 e5 15. Kg2 Bc5 16. Bc7 Bb4 17. Bxe5 Bxc3 18. bxc3 Nc6 19. Rfe1 O-O 20. Bd6 Rc8 21. Re3 h6 22. Kf1 Ne8 23. Bg3 g5 24. Ke2 Ng7 25. Rd5 Ne6 26. Kd3 b5 27. Re1 Ne7 28. Rd7 Rxc3+ 29. Ke2 Nf5 30. Be5 Rxc2+ 31. Kf1 Nh4 32. Red1 Nxf3 33. Bf6 Rc1 34. Kg2 Nh4+ 35. Kh3 Rxd1 36. Rxd1 Kh7 37. Rd7 Kg6 38. Be5 Rc5 39. Bb8 Rc3+ 40. Bg3 Nf4+ 0-1


[Site "https://www.chess.com"]

[Event "Titled Tuesday Blitz February 07 Early 2023"]
[White "Kumala, Aleksander"]
[Black "Ansh M Shah"]
[WhiteFideId "1141880"]
[BlackFideId "25033379"]
[WhiteElo "2165"]
[BlackElo "2171"]
[Result "1-0"]
[Round "10"]
[TimeControl "180+2"]
[Date "2023.02.07"]
[WhiteClock "0:00:12"]
[BlackClock "0:00:02"]

1. d4 Nf6 2. Bg5 e6 3. Nd2 d5 4. e3 Be7 5. Bd3 O-O 6. c3 c5 7. f4 Nbd7 8. Ngf3 b6 9. Ne5 Bb7 10. Bxf6 Bxf6 11. Qf3 Bxe5 12. fxe5 f5 13. O-O-O Bc6 14. g4 g6 15. gxf5 gxf5 16. Rdg1+ Kh8 17. Qh5 Qe7 18. Rg3 Rg8 19. Nf3 Nf8 20. Rxg8+ Kxg8 21. Rg1+ Kh8 22. Ng5 Be8 23. Qh6 Bg6 24. Rg3 f4 25. exf4 Bxd3 26. Rxd3 cxd4 27. cxd4 Rc8+ 28. Kb1 Qg7 29. Rg3 Rc7 30. Qxg7+ Rxg7 31. Kc2 Ng6 32. Nxe6 Rf7 33. Rf3 Nh4 34. Rf2 Nf5 35. Kd3 h6 36. b4 Re7 37. Nd8 Rd7 38. Nc6 Rc7 39. b5 a6 40. a4 axb5 41. axb5 Rc8 42. Rg2 Ra8 43. Rg6 Kh7 44. Rf6 Ra3+ 45. Kc2 Ne3+ 46. Kc1 Rb3 47. e6 Kg7 48. Rf7+ Kg8 49. Ne7+ Kh8 50. Ng6+ Kg8 51. Ne5 Rc3+ 52. Kd2 Ra3 53. e7 Nc4+ 54. Ke2 1-0


[Site "https://www.chess.com"]